 Dungeon Crawl Stone Soup version 0.25.0-15-gac7dcb8919 (webtiles) character file.

Game seed: 1162199954232825200

706 protoss039 the Grave Robber (level 7, 0/48 (52) HPs)
             Began as a Ghoul Necromancer on June 29, 2020.
             Slain by Pikel
             ... wielding a +0 whip of flaming
              (1 damage)
             ... on level 5 of the Dungeon.
             The game lasted 00:12:49 (6087 turns).

protoss039 the Grave Robber (Ghoul Necromancer)     Turns: 6087, Time: 00:12:50

HP:   0/48 (52)     AC:  3    Str: 13    XL:     7   Next: 67%
MP:   5/11          EV: 12    Int: 11    God:
Gold: 343           SH:  0    Dex:  9    Spells: 4/13 levels left

rFire    + . .     SeeInvis .     - Unarmed
rCold    + + .     Gourm    .   (no shield)
rNeg     + + +     Faith    .   a - +0 robe
rPois    ∞         Spirit   .   m - +0 helmet
rElec    .         Reflect  .   n - scarf {rC+ rF+}
rCorr    .         Harm     .   (no gloves)
MR       .....                  (no boots)
Stlth    ++........             (no amulet)
HPRegen  0.00/turn              (no ring)
MPRegen  0.12/turn              (no ring)

@: rotting
A: rotting body, claws 1, carnivore, cold resistance 1, negative energy
resistance 3, inhibited regeneration, torment resistance, unbreathing
a: no special abilities


You were on level 5 of the Dungeon.
You were not hungry.

You visited 1 branch of the dungeon, and saw 5 of its levels.

You collected 343 gold pieces.

Inventory:

Armour
 a - a +0 robe (worn)
 m - a +0 helmet (worn)
 n - a scarf of resistance (worn)
Jewellery
 f - a cursed ring of attention {unknown}
 k - a +4 ring of evasion {unknown}
 x - an uncursed ring of resist corrosion {unknown}
Wands
 u - a wand of acid (7)
Scrolls
 b - 4 scrolls of fog {unknown}
 d - 4 scrolls of teleportation {unknown}
 g - 2 scrolls of random uselessness {unknown}
 j - 2 scrolls of enchant weapon
 q - a scroll of blinking
 s - a scroll of immolation {unknown}
 v - a scroll of identify
 w - 2 scrolls of remove curse
 y - a scroll of magic mapping
 z - a scroll of amnesia {unknown}
Potions
 e - 3 potions of brilliance {unknown}
 h - 2 potions of flight {unknown}
 i - 2 potions of lignification {unknown}
 l - a potion of berserk rage {unknown}
 o - a potion of magic {unknown}
 p - a potion of curing {unknown}
 r - a potion of mutation {unknown}
 t - a potion of cancellation {unknown}
Comestibles
 c - 9 rations


   Skills:
 + Level 1.3 Fighting
 + Level 2.9 Dodging
 + Level 3.7 Stealth
 + Level 4.2 Unarmed Combat
 + Level 3.8 Spellcasting
 + Level 5.6 Necromancy


You had 4 spell levels left.
You knew the following spells:

 Your Spells              Type           Power        Failure   Level  Hunger
a - Pain                  Necr           ##..         2%          1    #......
b - Animate Skeleton      Necr           N/A          2%          1    #......
c - Vampiric Draining     Necr           ##........   7%          3    ###....
d - Animate Dead          Necr           N/A          24%         4    #####..

Your spell library contained the following spells:

 Spells                   Type           Power        Failure   Level  Hunger
 Agony                    Necr           ##......     54%         5    ######.


Dungeon Overview and Level Annotations

Branches:
Dungeon (5/15)
 Temple: D:4-7

Altars:
Trog

Annotations:
D:5 Pikel


Innate Abilities, Weirdness & Mutations

Your body is rotting away.
You thrive on raw meat.
You are immune to poison.
You have sharp fingernails.
You are carnivorous and can eat meat at any time.
Your flesh is cold resistant. (rC+)
You are immune to negative energy. (rN+++)
You do not regenerate when monsters are visible.
You are immune to unholy pain and torment.
You can survive without breathing.


Message History

Aiming: Vampiric Draining (dangerous; 7% risk of failure)
Press: ? - help, Shift-Dir - straight line, f - slave
Aim: a slave (severely wounded)
The slave is almost dead.
You feel life coursing into your body.
Pikel hits you with a +0 whip of flaming.
The slave hits you!
* * * LOW HITPOINT WARNING * * *
Casting: Vampiric Draining (dangerous; 7% risk of failure)
Confirm with . or Enter, or press ? or * to list all spells.
Aiming: Vampiric Draining (dangerous; 7% risk of failure)
Press: ? - help, Shift-Dir - straight line, f/p - slave
Aim: a slave (almost dead)
You kill the slave!
That felt strangely unrewarding.
You feel life coursing into your body.
Pikel says, "I'm sure the Orcish Mines are around here somewhere..."
Pikel hits you with a +0 whip of flaming!
* * * LOW HITPOINT WARNING * * *
Pikel burns you.
You die...

### #.#########
#..K.p.p.p# #.#######K#
#.#.....@.###############
#.#......................
#p##########......#######
#......... +......'.#
.....K###########......#.#
.pp.?p .........#.# ..K...
########.#.# .p.... ###
#.#.# ...... .... #.#.#


You could see Pikel and a slave.

Vanquished Creatures
  Sigmund (D:2)
  A slave (D:5)
  2 ogres (D:4)
  An eye of draining (D:3)
  An orc priest (D:4)
  A hound (D:4)
  2 orc wizards (D:4)
  A centaur skeleton (D:4)
  A hound skeleton (D:4)
  A gnoll (D:3)
  3 adders
  An ooze (D:2)
  2 adder skeletons
  A worm (D:2)
  2 dart slugs
  4 leopard geckos
  9 orcs
  3 ball pythons
  A giant cockroach (D:3)
  5 goblins
  11 hobgoblins
  4 jackals (D:3)
  A quokka (D:2)
  6 bats
  5 frilled lizards
  6 kobolds
  7 rats
83 creatures vanquished.

Vanquished Creatures (collateral kills)
  A dart slug (D:3)
1 creature vanquished.

Grand Total: 84 creatures vanquished

Notes
Turn   | Place    | Note
-------+----------+-------------------------------------------
     0 | D:1      | protoss039 the Ghoul Necromancer began the quest for the
                  | Orb.
     0 | D:1      | Reached XP level 1. HP: 14/14 MP: 2/2
   211 | D:1      | Reached XP level 2. HP: 15/20 MP: 3/3
  1443 | D:1      | Learned a level 1 spell: Animate Skeleton
  1484 | D:2      | Reached XP level 3. HP: 12/25 MP: 2/4
  1734 | D:2      | Reached skill level 1 in Unarmed Combat
  2052 | D:2      | Learned a level 3 spell: Vampiric Draining
  2294 | D:2      | Reached XP level 4. HP: 34/34 MP: 6/6
  2380 | D:2      | Noticed Sigmund
  2395 | D:2      | Killed Sigmund
  2395 | D:2      | Reached skill level 5 in Necromancy
  2395 | D:2      | Reached XP level 5. HP: 32/39 MP: 0/8
  2563 | D:3      | Reached XP level 6. HP: 25/46 MP: 9/9
  2866 | D:3      | Learned a level 4 spell: Animate Dead
  2981 | D:3      | Found a bloodstained altar of Trog.
  2981 | D:3      | Noticed an eye of draining
  3012 | D:3      | Killed an eye of draining
  3189 | D:3      | Reached skill level 1 in Fighting
  4108 | D:4      | Reached XP level 7. HP: 21/52 MP: 3/11
  5452 | D:5      | Entered Level 5 of the Dungeon
  6060 | D:5      | Noticed Pikel
  6087 | D:5      | HP: 1/48 [Pikel/+0 whip of flaming (10)]
  6087 | D:5      | Slain by Pikel

Illustrated notes

Levels and vault maps discovered:
D:1:      grunt_arrival_lava_bath, layout_loops_ring,
          chequers_serial_rivers_small_b, minmay_3d_cube
D:2:      layout_rooms, uniq_sigmund
D:3:      layout_loops_ring, trog_eyes_of_draining, kennysheep_cross_room
D:4:      layout_layer_cave, first_ration
D:5:      layout_basic, chequers_serial_rivers_small_3, eino_curves_03,
          uniq_pikel

Skill      XL: |  1  2  3  4  5  6  7 |
---------------+----------------------+-----
Unarmed Combat | 1 2 3 4 |  4.2
Spellcasting   | 2 3 |  3.8
Dodging        | 2 |  2.9
Necromancy     | 5 |  5.6
Fighting       | 1 |  1.3
Stealth        | 3 |  3.7

Action                   |  1- 3 |  4- 6 |  7- 9 || total
-------------------------+-------+-------+-------++-------
Melee: Unarmed           |   105 |   129 |    54 ||   288
       Punch             |       |     2 |       ||     2
 Cast: Pain              |    26 |    24 |     4 ||    54
       Vampiric Draining |       |     2 |     5 ||     7
       Animate Skeleton  |       |     2 |       ||     2
  Use: Scroll            |     5 |       |       ||     5
 Stab: Sleeping          |     4 |     6 |     1 ||    11
  Eat: Chunk             |     7 |     8 |     5 ||    20
       Ration            |       |     1 |       ||     1
Armor: Robe              |    38 |    26 |    10 ||    74
Dodge: Dodged            |    90 |    87 |    28 ||   205
